[Event "December 12 Late 2023"]
[Site "https://www.chess.com"]
[Date "2023.12.12"]
[Round "9"]
[White "Kadric, Denis"]
[Black "Khismatullin, Denis"]
[Result "1-0"]
[Board "11"]
[TimeControl "180+1"]
[WhiteFideId "14403803"]
[BlackFideId "4142578"]
[WhiteElo "2810"]
[BlackElo "2960"]
[WhiteTeam "MNE"]
[BlackTeam "RUS"]
[WhiteClock "0:00:17"]
[BlackClock "0:00:05"]

1. e4 c5 2. Nc3 e6 3. Nge2 Nc6 4. g3 Nf6 5. Bg2 Be7 6. O-O O-O 7. f4 d5 8. d3 Rb8 9. a4 a6 10. h3 b5 11. axb5 axb5 12. e5 Nd7 13. g4 b4 14. Nb1 Nb6 15. Nd2 Bd7 16. Nf3 Ra8 17. Rb1 Qc7 18. h4 Ra2 19. h5 Rfa8 20. g5 Ra1 21. Rxa1 Rxa1 22. Qe1 d4 23. g6 fxg6 24. hxg6 hxg6 25. Qg3 Qd8 26. Qxg6 Qe8 27. Qg4 b3 28. cxb3 Nd5 29. Ng5 Bxg5 30. Qxg5 Nce7 31. Be4 Bc6 32. Ng3 Ne3 33. Bxe3 Rxf1+ 34. Nxf1 Bxe4 35. dxe4 dxe3 36. Nxe3 Kf8 37. Nc4 Qa8 38. Kf2 Qxe4 39. Nd6 Qc2+ 40. Kf3 Qxb3+ 41. Kg4 Qd1+ 42. Kh3 Qh1+ 43. Kg3 Qg1+ 44. Kf3 Qf1+ 45. Kg3 Qe1+ 46. Kh3 Qe3+ 47. Kg2 Qe2+ 48. Kg3 Qxb2 49. Qh5 Qb3+ 50. Kf2 Qc2+ 51. Ke1 Qg6 52. Qh8+ Ng8 53. Qh4 Qb1+ 54. Ke2 Qb2+ 55. Ke1 Qb8 56. Qh5 Qa7 57. Qe8# 1-0

[Event "December 12 Late 2023"]
[Site "https://www.chess.com"]
[Date "2023.12.12"]
[Round "9"]
[White "Zhigalko, Sergei"]
[Black "Yuan, Qingyu"]
[Result "1-0"]
[Board "12"]
[TimeControl "180+1"]
[WhiteFideId "13502956"]
[BlackFideId "8609772"]
[WhiteElo "2958"]
[BlackElo "2799"]
[WhiteTeam "BLR"]
[BlackTeam "CHN"]
[WhiteClock "0:01:50"]
[BlackClock "0:01:13"]

1. e4 e5 2. Nf3 Nc6 3. Bc4 Bc5 4. b4 Bxb4 5. c3 Be7 6. d4 Na5 7. Bd3 d6 8. dxe5 dxe5 9. Nxe5 Nf6 10. O-O O-O 11. Qc2 c5 12. Nd2 Qc7 13. f4 Bd6 14. Ndc4 h6 15. Nxa5 Qxa5 16. Nc4 Qc7 17. Nxd6 Qxd6 18. e5 Qb6 19. Rb1 Qc6 20. exf6 Qxf6 21. Bh7+ Kh8 22. Be4 Rb8 23. c4 Qd4+ 24. Kh1 Re8 25. Bd5 Bg4 26. Bb2 Qe3 27. Be5 Rbd8 28. Rxb7 Be2 29. Re1 Qf2 30. Qxe2 1-0

[Event "December 12 Late 2023"]
[Site "https://www.chess.com"]
[Date "2023.12.12"]
[Round "9"]
[White "Bok, Benjamin"]
[Black "Timmermans, Mark"]
[Result "1-0"]
[Board "13"]
[TimeControl "180+1"]
[WhiteFideId "1017063"]
[BlackFideId "1026399"]
[WhiteElo "2942"]
[BlackElo "2744"]
[WhiteTeam "NED"]
[BlackTeam "NED"]
[WhiteClock "0:00:10"]
[BlackClock "0:01:09"]

1. c4 Nf6 2. Nf3 e6 3. g3 d5 4. Bg2 Be7 5. O-O O-O 6. b3 c5 7. cxd5 Nxd5 8. Bb2 b6 9. d4 Bb7 10. dxc5 Bxc5 11. Nbd2 Nd7 12. a3 Be7 13. Nd4 Rc8 14. Nc4 a6 15. e4 N5f6 16. e5 Nd5 17. Qe2 b5 18. Nd6 Nc3 19. Bxc3 Bxg2 20. Nxc8 Qxc8 21. Kxg2 Qxc3 22. Rfd1 Nb6 23. Rac1 Qa5 24. Nc6 Qxa3 25. Ra1 Qc5 26. Rdc1 Qd5+ 27. Qf3 Bg5 28. Rd1 Qxf3+ 29. Kxf3 Rc8 30. Rd6 Nd5 31. Rxa6 h5 32. h4 Bh6 33. Rxd5 1-0

[Event "December 12 Late 2023"]
[Site "https://www.chess.com"]
[Date "2023.12.12"]
[Round "9"]
[White "Makarian, Rudik"]
[Black "Adewumi, Tanitoluwa"]
[Result "0-1"]
[Board "14"]
[TimeControl "180+1"]
[WhiteFideId "44105681"]
[BlackFideId "30966396"]
[WhiteElo "2933"]
[BlackElo "2764"]
[WhiteTeam "FID"]
[BlackTeam "USA"]
[WhiteClock "0:00:12"]
[BlackClock "0:00:10"]

1. Nf3 Nf6 2. d4 e6 3. c4 b6 4. g3 Ba6 5. b3 Bb4+ 6. Bd2 Be7 7. Bg2 c6 8. O-O d5 9. Qc2 Nbd7 10. Bf4 O-O 11. Rd1 Rc8 12. Nc3 b5 13. c5 b4 14. Na4 Ne4 15. a3 bxa3 16. Rxa3 Bb5 17. Bf1 f6 18. Nc3 Nxc3 19. Qxc3 e5 20. dxe5 Bxc5 21. b4 fxe5 22. bxc5 exf4 23. Rxa7 fxg3 24. hxg3 Qe7 25. Bh3 Qxe2 26. Re1 Rxf3 27. Rxe2 Rxc3 28. Re7 Rf8 29. Be6+ Kh8 30. Raxd7 Rc1+ 31. Kh2 Rxf2+ 32. Kh3 Rh1+ 33. Kg4 Be2+ 34. Kg5 Rh5# 0-1

[Event "December 12 Late 2023"]
[Site "https://www.chess.com"]
[Date "2023.12.12"]
[Round "9"]
[White "Cordova, Emilio"]
[Black "Miranda, Rafael"]
[Result "1/2-1/2"]
[Board "15"]
[TimeControl "180+1"]
[WhiteFideId "3801497"]
[BlackFideId "130990"]
[WhiteElo "2933"]
[BlackElo "2655"]
[WhiteTeam "PER"]
[BlackTeam "ARG"]
[WhiteClock "0:00:14"]
[BlackClock "0:00:17"]

1. d4 Nf6 2. Bg5 d5 3. e3 c5 4. dxc5 Qa5+ 5. c3 Qxc5 6. Nd2 Nbd7 7. Bd3 g6 8. Ngf3 Bg7 9. Nb3 Qb6 10. a4 O-O 11. Bf4 Nh5 12. Bg3 e5 13. Be2 Nxg3 14. hxg3 Nc5 15. Nxc5 Qxc5 16. a5 h6 17. Rh4 Be6 18. Rb4 Rab8 19. Kf1 Rfd8 20. Qa4 a6 21. Rb6 d4 22. exd4 exd4 23. cxd4 Bxd4 24. Nxd4 Rxd4 25. Qa3 Qe5 26. Bf3 Bc4+ 27. Kg1 Bd5 28. Qc5 Re8 29. Rd6 Bxf3 30. Qxe5 Rxe5 31. Rxd4 Bc6 32. b4 h5 33. f3 Rg5 34. Kf2 Rb5 35. Rc1 Re5 36. Re1 Rb5 37. f4 Rf5 38. Re5 Rf6 39. Rd2 Kf8 40. Ke3 Kg8 41. Kd4 h4 42. gxh4 Rxf4+ 43. Kc5 Rxh4 44. g3 Rg4 45. Rd3 Kf8 46. Rb3 f6 47. Ree3 Rg5+ 48. Kb6 Rb5+ 49. Kc7 Kf7 50. Red3 Re5 51. Rd4 g5 52. Rc3 Re7+ 53. Kb6 Re6 54. Ka7 f5 55. Rc5 Kf6 56. Rd8 Be4 57. Rf8+ Kg6 58. Rc7 Re5 59. Rh8 Rb5 60. Rch7 Rxb4 61. Rh6+ Kg7 62. R8h7+ Kg8 63. Rc7 Rd4 64. Rg6+ Kf8 65. Rxg5 Rd8 66. Rh5 Kg8 67. Rg5+ Kf8 68. Rh5 Kg8 69. Rh6 Re8 70. Rg6+ Kf8 71. Rgg7 Rd8 72. Rcf7+ Ke8 73. Rg8+ Kxf7 74. Rxd8 Ke7 75. Rb8 Kf6 76. Rg8 Ke5 77. Kb6 Kd4 78. Rb8 Ke3 79. Rxb7 Bxb7 80. Kxb7 Kf3 81. Kxa6 Kxg3 82. Kb6 f4 83. a6 f3 84. a7 f2 85. a8=Q f1=Q 1/2-1/2

[Event "December 12 Late 2023"]
[Site "https://www.chess.com"]
[Date "2023.12.12"]
[Round "9"]
[White "Durarbayli, Vasif"]
[Black "Dragomirescu, Robin-Alexandru"]
[Result "1-0"]
[Board "16"]
[TimeControl "180+1"]
[WhiteFideId "13402935"]
[BlackFideId "1213849"]
[WhiteElo "2921"]
[BlackElo "2602"]
[WhiteTeam "AZE"]
[BlackTeam "ROU"]
[WhiteClock "0:00:30"]
[BlackClock "0:00:03"]

1. e4 g6 2. d4 Nf6 3. Nc3 d5 4. e5 Ne4 5. Nce2 f6 6. f3 Ng5 7. h4 Nf7 8. f4 Bg4 9. Qd3 c5 10. Nf3 Nc6 11. c3 Bh6 12. h5 Bf5 13. Qb5 Qb6 14. Ng3 Bg4 15. hxg6 hxg6 16. dxc5 Qxb5 17. Bxb5 Bxf3 18. gxf3 Kd7 19. exf6 exf6 20. Kf2 a6 21. Bd3 Bf8 22. Be3 f5 23. Rxh8 Nxh8 24. Rh1 Be7 25. Rh7 Rg8 26. Ne2 Ke8 27. Nd4 Bxc5 28. Rxb7 Nxd4 29. Bxd4 Bxd4+ 30. cxd4 1-0

[Event "December 12 Late 2023"]
[Site "https://www.chess.com"]
[Date "2023.12.12"]
[Round "9"]
[White "Pranav, V"]
[Black "Janaszak, Dawid"]
[Result "1-0"]
[Board "17"]
[TimeControl "180+1"]
[WhiteFideId "25060783"]
[BlackFideId "1119206"]
[WhiteElo "3038"]
[BlackElo "2616"]
[WhiteTeam "IND"]
[BlackTeam "POL"]
[WhiteClock "0:01:39"]
[BlackClock "0:00:28"]

1. e4 c5 2. Nf3 Nc6 3. Bb5 e5 4. O-O Nge7 5. c3 g6 6. d4 cxd4 7. cxd4 exd4 8. Nxd4 Bg7 9. Nb3 d5 10. exd5 Qxd5 11. Qxd5 Nxd5 12. Re1+ Be6 13. Nc5 O-O-O 14. Bxc6 bxc6 15. Nxe6 Rde8 16. Nd2 Rxe6 17. Rxe6 fxe6 18. Ne4 Kc7 19. Rb1 Rb8 20. b3 Rb4 21. f3 Bd4+ 22. Kf1 e5 23. Bd2 Rb5 24. Ke2 c5 25. Rc1 Kd7 26. Kd3 Kc6 27. Rc4 Rb8 28. Rc1 Rd8 29. Ke2 Kb6 30. Rc4 Ne7 31. Bg5 Rd7 32. Bxe7 Rxe7 33. Nf6 h5 34. Nd5+ 1-0

[Event "December 12 Late 2023"]
[Site "https://www.chess.com"]
[Date "2023.12.12"]
[Round "9"]
[White "Paravyan, David"]
[Black "Zou, Chen"]
[Result "1/2-1/2"]
[Board "18"]
[TimeControl "180+1"]
[WhiteFideId "4194985"]
[BlackFideId "8610959"]
[WhiteElo "3020"]
[BlackElo "2760"]
[WhiteTeam "FID"]
[BlackTeam "CHN"]
[WhiteClock "0:00:15"]
[BlackClock "0:00:02"]

1. e4 c5 2. Nf3 d6 3. d4 cxd4 4. Nxd4 Nf6 5. Nc3 a6 6. f3 e6 7. a3 b5 8. g4 Nfd7 9. Be3 Bb7 10. Qd2 Nb6 11. O-O-O N8d7 12. Kb1 Rc8 13. h4 Ne5 14. b3 d5 15. Ndxb5 axb5 16. Bxb5+ Bc6 17. Bxc6+ Rxc6 18. exd5 Nxd5 19. Nxd5 Qxd5 20. Qxd5 exd5 21. Rxd5 Nxf3 22. Rh3 Ne1 23. Re5+ Kd7 24. Bf4 Nxc2 25. Rd3+ Bd6 26. Red5 Nxa3+ 27. Kb2 Rc2+ 28. Ka1 Ra8 29. Rxd6+ Ke8 30. Be5 Rc1+ 31. Kb2 Rc2+ 32. Ka1 Rc1+ 33. Kb2 Rc2+ 34. Ka1 1/2-1/2

[Event "December 12 Late 2023"]
[Site "https://www.chess.com"]
[Date "2023.12.12"]
[Round "9"]
[White "Martinez Ramirez, Lennis"]
[Black "Sjugirov, Sanan"]
[Result "0-1"]
[Board "19"]
[TimeControl "180+1"]
[WhiteFideId "3509079"]
[BlackFideId "4189302"]
[WhiteElo "2728"]
[BlackElo "2917"]
[WhiteTeam "CUB"]
[BlackTeam "HUN"]
[WhiteClock "0:00:00"]
[BlackClock "0:00:06"]

1. d4 Nf6 2. Bf4 b6 3. Nc3 Bb7 4. Qd3 e6 5. O-O-O Bb4 6. f3 Bxc3 7. Qxc3 Nd5 8. Qd2 Nxf4 9. Qxf4 d6 10. e4 Nd7 11. Bb5 a6 12. Bxd7+ Qxd7 13. Ne2 O-O-O 14. h4 Kb8 15. h5 h6 16. Qg3 f6 17. Nf4 Rde8 18. Qh3 Qf7 19. Kb1 e5 20. Ng6 Rhg8 21. d5 b5 22. g4 Rc8 23. Rd2 Rgd8 24. Rhd1 c6 25. dxc6 Rxc6 26. Nh4 Bc8 27. Nf5 Bxf5 28. gxf5 Qc7 29. Qg2 b4 30. Qg1 Rc8 31. Qg2 a5 32. Rc1 a4 33. Rd5 Qb7 34. Qd2 b3 35. c3 bxa2+ 36. Ka1 Qa6 37. Qd3 a3 38. b4 Qa7 39. Rxd6 Qf2 40. Qd2 Qxd2 41. Rxd2 Rxc3 42. Rxc3 Rxc3 43. Rf2 Kb7 44. Kxa2 Kb6 45. Rg2 Kb5 46. Rxg7 Kxb4 47. Rb7+ Ka4 48. Ra7+ Kb4 49. Rb7+ Kc4 50. Rb6 Rxf3 51. Rxf6 Kd4 52. Rxh6 Kxe4 53. f6 Kd5 54. Rg6 Ke6 55. h6 Kf7 56. h7 Rh3 57. Rg3 Rxh7 58. Rf3 Rh4 59. Kxa3 Rf4 60. Re3 Kxf6 61. Kb3 Rd4 62. Kc3 Rd8 63. Rd3 Ra8 64. Kd2 Kf5 65. Ke3 Rh8 66. Rd7 Rh3+ 67. Kf2 Ke4 68. Ke2 Rh2+ 69. Kf1 Ke3 70. Rg7 Rh1+ 71. Kg2 Ra1 72. Rb7 e4 73. Rb3+ Ke2 74. Rb2+ Kd3 75. Rb3+ Kd2 76. Rb2+ Kc3 77. Rb8 Kd3 78. Rb3+ Kd2 79. Rb2+ Kc3 80. Rb8 Ra2+ 81. Kf1 Kd2 82. Rd8+ Ke3 0-1

[Event "December 12 Late 2023"]
[Site "https://www.chess.com"]
[Date "2023.12.12"]
[Round "9"]
[White "Rosen, Eric"]
[Black "Indjic, Aleksandar"]
[Result "0-1"]
[Board "20"]
[TimeControl "180+1"]
[WhiteFideId "2032562"]
[BlackFideId "911925"]
[WhiteElo "2706"]
[BlackElo "2893"]
[WhiteTeam "USA"]
[BlackTeam "SRB"]
[WhiteClock "0:00:01"]
[BlackClock "0:01:23"]

1. e4 Nc6 2. d4 d5 3. Nc3 e5 4. Bb5 Bb4 5. Nf3 Ne7 6. Nxe5 O-O 7. Nxc6 bxc6 8. Bd3 c5 9. O-O cxd4 10. Nxd5 Nxd5 11. exd5 Qxd5 12. Bd2 Bb7 13. f3 Bd6 14. Be1 Rfe8 15. Bg3 Bxg3 16. hxg3 Qg5 17. g4 Re3 18. Qd2 Rae8 19. Qf2 h5 20. gxh5 Rxf3 21. Qxd4 Rg3 22. Rf2 Rxg2+ 23. Kh1 Rxf2+ 24. Be4 Qh4+ 0-1

[Event "December 12 Late 2023"]
[Site "https://www.chess.com"]
[Date "2023.12.12"]
[Round "9"]
[White "Demchenko, Anton"]
[Black "Sai Krishna G V"]
[Result "1-0"]
[Board "21"]
[TimeControl "180+1"]
[WhiteFideId "4160258"]
[BlackFideId "5028280"]
[WhiteElo "2876"]
[BlackElo "2721"]
[WhiteTeam "SLO"]
[BlackTeam "IND"]
[WhiteClock "0:00:05"]
[BlackClock "0:00:01"]

1. e4 c5 2. Nf3 d6 3. d4 cxd4 4. Qxd4 Nf6 5. Nc3 Nc6 6. Qe3 e6 7. b3 Be7 8. Bb2 Bd7 9. O-O-O Rc8 10. Kb1 Qa5 11. Rg1 e5 12. h3 h5 13. Nd2 Nd4 14. Nc4 Qc7 15. Qd3 d5 16. Nxe5 Qxe5 17. Nxd5 Nxd5 18. Bxd4 Qg5 19. exd5 O-O 20. Qg3 Qh6 21. Bd3 h4 22. Qf3 Ba3 23. Rge1 Rc7 24. Re5 Rfc8 25. Rh5 Qd6 26. Rh7 f6 27. Qh5 Kf8 28. Rh8+ Ke7 29. Re1+ Be6 30. Rxc8 Qf4 31. Rxe6+ Kd7 32. Rxc7+ Kxc7 33. Qf7+ Kb8 34. Re8# 1-0

[Event "December 12 Late 2023"]
[Site "https://www.chess.com"]
[Date "2023.12.12"]
[Round "9"]
[White "Zwirs, Nico"]
[Black "Boyer, Mahel"]
[Result "1-0"]
[Board "22"]
[TimeControl "180+1"]
[WhiteFideId "1036432"]
[BlackFideId "45102422"]
[WhiteElo "2848"]
[BlackElo "2631"]
[WhiteTeam "NED"]
[BlackTeam "FRA"]
[WhiteClock "0:00:10"]
[BlackClock "0:00:00"]

1. e4 Nc6 2. Nf3 d5 3. exd5 Qxd5 4. Nc3 Qh5 5. Be2 Bg4 6. O-O O-O-O 7. Ne4 Nf6 8. Ng3 Qa5 9. c3 h5 10. b4 Qd5 11. h4 e5 12. b5 Na5 13. Ng5 Bxe2 14. Qxe2 Ng4 15. Nxh5 f5 16. Ng3 g6 17. h5 Be7 18. d4 e4 19. N3xe4 Rxh5 20. Ng3 Rh2 21. f3 Bd6 22. fxg4 Bxg3 23. Qf3 f4 24. Qxd5 Rxd5 25. Bxf4 Bxf4 26. Rxf4 Rh8 27. Nf3 Rxb5 28. Re1 Rb2 29. Rf7 Kb8 30. Ree7 Rc8 31. Ne5 b6 32. Nxg6 Rxa2 33. Rf8 Rc2 34. Rxc8+ Kxc8 35. Re3 Nc4 36. Rg3 a5 37. g5 a4 38. Ne7+ Kb7 39. g6 a3 40. g7 a2 41. g8=Q a1=Q+ 42. Kh2 Qa4 43. Qd5+ Ka6 44. Rg8 1-0

[Event "December 12 Late 2023"]
[Site "https://www.chess.com"]
[Date "2023.12.12"]
[Round "9"]
[White "Gabuzyan, Hovhannes"]
[Black "Sanchez Enriquez, Oscar Gerardo"]
[Result "1-0"]
[Board "23"]
[TimeControl "180+1"]
[WhiteFideId "13303732"]
[BlackFideId "5106311"]
[WhiteElo "2839"]
[BlackElo "2553"]
[WhiteTeam "ARM"]
[BlackTeam "MEX"]
[WhiteClock "0:00:42"]
[BlackClock "0:00:04"]

1. e4 d6 2. d4 Nf6 3. Nc3 g6 4. Be3 c6 5. Qd2 Nbd7 6. f3 Qa5 7. h4 h5 8. Nh3 b5 9. Ng5 Nb6 10. Bd3 Bg7 11. O-O Nc4 12. Bxc4 bxc4 13. Rae1 O-O 14. Nd5 Qd8 15. Nf4 Rb8 16. c3 e5 17. Ne2 Qc7 18. Rd1 exd4 19. Nxd4 Nd7 20. Bf4 Ne5 21. Ne2 Nd3 22. b4 Nxf4 23. Nxf4 a5 24. a3 axb4 25. axb4 Qe7 26. Qxd6 Qxd6 27. Rxd6 Be5 28. Nxg6 Bxd6 29. Nxf8 Kxf8 30. f4 Bg4 31. e5 Be7 32. Ne4 Bf5 33. Ng3 Bg4 34. Ne4 Bf5 35. Ng3 Bd3 36. Rf3 Bxh4 37. Nxh5 c5 38. bxc5 Be7 39. Rh3 Bxc5+ 40. Kh2 Ke7 41. Nf6 Bf5 42. Rh5 Bg6 43. Rh4 Bf2 44. Rh3 Bd3 45. g4 Be1 46. Kg2 Bxc3 47. Nd5+ Ke6 48. Nxc3 Rb3 49. Rh6+ Kd7 50. Nd5 c3 51. Rd6+ Ke8 52. Nf6+ Kf8 53. Rd8+ Kg7 54. Rg8+ Kh6 55. g5# 1-0

[Event "December 12 Late 2023"]
[Site "https://www.chess.com"]
[Date "2023.12.12"]
[Round "9"]
[White "Chigaev, Maksim"]
[Black "Omelja, Artem"]
[Result "1-0"]
[Board "24"]
[TimeControl "180+1"]
[WhiteFideId "4108116"]
[BlackFideId "14119846"]
[WhiteElo "2885"]
[BlackElo "2630"]
[WhiteTeam "ESP"]
[BlackTeam "UKR"]
[WhiteClock "0:00:07"]
[BlackClock "0:00:00"]

1. d4 Nf6 2. c4 e6 3. g4 d5 4. g5 Ne4 5. Bg2 Bb4+ 6. Kf1 O-O 7. h4 c5 8. cxd5 exd5 9. a3 Ba5 10. dxc5 Bc7 11. Nc3 Nxc3 12. bxc3 Be6 13. Nf3 Nd7 14. Be3 Ne5 15. Nxe5 Bxe5 16. Bd4 Qc7 17. Bxe5 Qxe5 18. Qd4 Qc7 19. h5 Rac8 20. h6 gxh6 21. gxh6 f6 22. Bxd5 Bxd5 23. Qxd5+ Kh8 24. Rb1 Qxc5 25. Qxc5 Rxc5 26. Rxb7 Rxc3 27. Rxa7 Rg8 28. Rg7 Rxa3 29. Rxg8+ Kxg8 30. Rh4 Ra5 31. Rg4+ Kh8 32. Rf4 Ra6 33. Kg2 Kg8 34. Rg4+ Kh8 35. Rb4 Kg8 36. Rb7 Rc6 37. e3 Ra6 38. Kf3 Rc6 39. Kf4 Ra6 40. f3 Rc6 41. e4 Ra6 42. Kf5 Rc6 43. Rg7+ Kh8 44. Rf7 Rc5+ 45. Kxf6 Kg8 46. Rg7+ Kh8 47. Ra7 Rc6+ 48. Kg5 Kg8 49. f4 Rc1 50. f5 1-0

[Event "December 12 Late 2023"]
[Site "https://www.chess.com"]
[Date "2023.12.12"]
[Round "9"]
[White "Hong, Andrew"]
[Black "Olsen, Filip Boe"]
[Result "0-1"]
[Board "25"]
[TimeControl "180+1"]
[WhiteFideId "2099438"]
[BlackFideId "1440640"]
[WhiteElo "2813"]
[BlackElo "2620"]
[WhiteTeam "USA"]
[BlackTeam "DEN"]
[WhiteClock "0:00:10"]
[BlackClock "0:00:24"]

1. e4 c6 2. d4 d5 3. e5 c5 4. dxc5 e6 5. a3 Bxc5 6. Qg4 Ne7 7. Qxg7 Ng6 8. Bd3 Bf8 9. Qf6 Be7 10. Qg7 Bf8 11. Qf6 Be7 12. Qf3 Nxe5 13. Bb5+ Bd7 14. Qe2 Bxb5 15. Qxb5+ Qd7 16. Qe2 Nbc6 17. Nd2 O-O-O 18. Ngf3 Bf6 19. Nb3 Nc4 20. c3 Rhg8 21. Bf4 e5 22. Bg3 d4 23. cxd4 e4 24. Ne5 N4xe5 25. dxe5 Bxe5 26. Nc5 Qd4 27. Bxe5 Nxe5 28. O-O Nf3+ 29. Kh1 Rxg2 30. Kxg2 Rg8+ 31. Kh1 Qe5 32. Qxf3 exf3 33. Rac1 Qf5 34. Na6+ Kd8 35. Rfd1+ Ke7 36. Nb4 Rd8 37. Rc7+ Ke8 38. Rg1 Kf8 39. Rxb7 Qc5 40. Na6 Qxf2 41. Rb5 Rd1 42. Rg5 Rxg1+ 43. Rxg1 Qe2 44. Nb4 f2 45. Nd5 fxg1=Q+ 46. Kxg1 Qd1+ 47. Kf2 Qxd5 48. Ke3 Qb3+ 49. Kd4 Qxb2+ 50. Kc5 Qxa3+ 51. Kc6 Qb2 52. Kd7 Qd4+ 53. Kc8 Ke7 54. h4 Qc5+ 55. Kb7 Kd7 56. h5 Qb6+ 57. Ka8 Kc7 58. h6 Qb7# 0-1

[Event "December 12 Late 2023"]
[Site "https://www.chess.com"]
[Date "2023.12.12"]
[Round "9"]
[White "Volodin, Aleksandr"]
[Black "Mirzoev, Azer"]
[Result "1-0"]
[Board "26"]
[TimeControl "180+1"]
[WhiteFideId "4501950"]
[BlackFideId "13400304"]
[WhiteElo "2798"]
[BlackElo "2618"]
[WhiteTeam "EST"]
[BlackTeam "AZE"]
[WhiteClock "0:00:53"]
[BlackClock "0:00:18"]

1. d4 d5 2. c4 e6 3. Nc3 c6 4. e4 dxe4 5. Nxe4 Bb4+ 6. Bd2 Qxd4 7. Bxb4 Qxe4+ 8. Be2 Na6 9. Ba3 Qxg2 10. Bf3 Qg5 11. Ne2 Ne7 12. Rg1 Qa5+ 13. Kf1 Nf5 14. Ng3 Nh4 15. Ne4 c5 16. Rxg7 Nf5 17. Nd6+ Nxd6 18. Qxd6 Qb6 19. Qf4 Rf8 20. Bh5 Bd7 21. Rxf7 Rxf7 22. Qxf7+ Kd8 23. Qf8+ Kc7 24. Qxa8 Qc6 25. Qg8 Qh1+ 26. Qg1 Qe4 27. Qg3+ e5 28. Re1 Qxc4+ 29. Kg1 1-0

[Event "December 12 Late 2023"]
[Site "https://www.chess.com"]
[Date "2023.12.12"]
[Round "9"]
[White "Rojas Alarcon, Julian Antonio"]
[Black "Holt, Conrad"]
[Result "0-1"]
[Board "27"]
[TimeControl "180+1"]
[WhiteFideId "5107407"]
[BlackFideId "2034387"]
[WhiteElo "2626"]
[BlackElo "2796"]
[WhiteTeam "MEX"]
[BlackTeam "USA"]
[WhiteClock "0:00:02"]
[BlackClock "0:00:06"]

1. c4 c6 2. Nf3 d5 3. b3 Bg4 4. Ne5 Bf5 5. Bb2 f6 6. Nf3 e5 7. d3 Bb4+ 8. Nbd2 Ne7 9. a3 Ba5 10. b4 Bb6 11. e4 Be6 12. Be2 O-O 13. O-O Ng6 14. exd5 cxd5 15. Re1 Nf4 16. Bf1 a5 17. cxd5 Bxd5 18. Nc4 axb4 19. axb4 Rxa1 20. Bxa1 Nc6 21. b5 Bxc4 22. dxc4 Qxd1 23. Rxd1 Na5 24. Rd7 Ne6 25. Bc3 Nc5 26. Rd6 Ne4 27. Bxa5 Bxf2+ 28. Kh1 Nxd6 29. Bb4 Rd8 30. g3 Ne4 31. Nh4 Bc5 32. Ba5 Ra8 33. Bc7 Ra1 34. Kg2 Ra2+ 35. Kh3 Nf2+ 36. Kg2 Ng4+ 37. Kh3 h5 38. Nf3 e4 39. Bd6 exf3 40. Bxc5 Rxh2# 0-1

[Event "December 12 Late 2023"]
[Site "https://www.chess.com"]
[Date "2023.12.12"]
[Round "9"]
[White "Aghasiyev, Kamal"]
[Black "Brodsky, David"]
[Result "1-0"]
[Board "28"]
[TimeControl "180+1"]
[WhiteFideId "13402854"]
[BlackFideId "2073250"]
[WhiteElo "2595"]
[BlackElo "2795"]
[WhiteTeam "AZE"]
[BlackTeam "USA"]
[WhiteClock "0:00:06"]
[BlackClock "0:00:01"]

1. d4 Nf6 2. c4 e6 3. Nc3 Bb4 4. Bd2 O-O 5. e3 c5 6. Nf3 b6 7. Be2 Bb7 8. O-O d6 9. a3 Bxc3 10. Bxc3 Ne4 11. Rc1 Nd7 12. dxc5 Nxc3 13. Rxc3 Nxc5 14. Nd2 Qe7 15. b4 Ne4 16. Nxe4 Bxe4 17. Bf3 Bxf3 18. Qxf3 Rac8 19. Rd1 h6 20. Rcd3 Rfd8 21. Rd4 e5 22. Re4 Qe6 23. Rd5 f5 24. Rh4 g5 25. Rh5 Rxc4 26. h4 g4 27. Qxf5 Qxf5 28. Rxf5 Rc3 29. Rfxe5 Rxa3 30. Re4 a5 31. Rxg4+ Kh7 32. bxa5 Rxa5 33. Rd2 b5 34. Rgd4 Ra6 35. Rb2 Rb6 36. Rbb4 Rc8 37. g3 Kg6 38. Kg2 Kf6 39. Kf3 Ke6 40. Ke4 Rc5 41. g4 d5+ 42. Kf3 Rc4 43. Ke2 Kd6 44. Rb1 Kc5 45. Rbd1 Rxd4 46. exd4+ Kc4 47. f4 b4 48. g5 hxg5 49. fxg5 b3 50. h5 b2 51. g6 b1=Q 52. Rxb1 Rxb1 53. g7 Rg1 54. h6 Rg6 55. h7 Rxg7 56. h8=Q Re7+ 57. Kd2 Re4 58. Qc8+ Kxd4 59. Qc3# 1-0

[Event "December 12 Late 2023"]
[Site "https://www.chess.com"]
[Date "2023.12.12"]
[Round "9"]
[White "Sivakumar, Shaaketh"]
[Black "Ghasi, Ameet K"]
[Result "1-0"]
[Board "29"]
[TimeControl "180+1"]
[WhiteFideId "30940176"]
[BlackFideId "409200"]
[WhiteElo "2593"]
[BlackElo "2791"]
[WhiteTeam "USA"]
[BlackTeam "ENG"]
[WhiteClock "0:00:45"]
[BlackClock "0:00:00"]

1. Nf3 g6 2. c4 Bg7 3. g3 Nf6 4. Bg2 O-O 5. O-O d6 6. d4 c6 7. Nc3 Qb6 8. e4 Bg4 9. Rb1 e5 10. Be3 Qa6 11. b3 Re8 12. d5 cxd5 13. cxd5 Nbd7 14. h3 Bxf3 15. Bxf3 Rac8 16. Qd2 h5 17. Rfc1 Nc5 18. b4 Ncd7 19. Be2 b5 20. Bxb5 Qb7 21. Bc6 Qb8 22. Nb5 Rxc6 23. dxc6 Qxb5 24. cxd7 Qxd7 25. Kh2 Nxe4 26. Qd5 Qf5 27. Rb2 Re7 28. b5 Kh7 29. a4 Qf3 30. Qd1 Qf5 31. a5 h4 32. Qg4 Qxg4 33. hxg4 d5 34. b6 axb6 35. axb6 hxg3+ 36. fxg3 d4 37. b7 Rxb7 38. Rxb7 dxe3 39. Re1 Bh6 40. Rxf7+ Kg8 41. Re7 Nf6 42. Kh3 e4 43. Kh4 g5+ 44. Kh3 Kf8 45. Rb7 Nd5 46. Rd7 Nf6 47. Rdd1 Ke7 48. Rxe3 Bg7 49. Rb3 Kf7 50. Rb5 Kg6 51. Rd6 Bf8 52. Re6 Kf7 53. Rbe5 Bg7 54. Re7+ Kg6 55. R5e6 Bf8 56. Ra7 Bg7 57. Ra4 Bf8 58. Raxe4 Kf7 59. Re2 Bg7 60. R6e5 Kg6 61. Rf5 Ng8 62. Re6+ Bf6 63. Kg2 Kf7 64. Rc6 Kg6 65. Kf3 Kg7 66. Rc7+ Be7 67. Rxg5+ Kf6 68. Rxg8 Bd6 69. Rc6 1-0

[Event "December 12 Late 2023"]
[Site "https://www.chess.com"]
[Date "2023.12.12"]
[Round "9"]
[White "Perea Fruet, Lorenzo"]
[Black "Troff, Kayden"]
[Result "0-1"]
[Board "30"]
[TimeControl "180+1"]
[WhiteFideId "24595870"]
[BlackFideId "2047896"]
[WhiteElo "2584"]
[BlackElo "2780"]
[WhiteTeam "ESP"]
[BlackTeam "USA"]
[WhiteClock "0:00:00"]
[BlackClock "0:00:19"]

1. f4 Nh6 2. Nf3 g6 3. d3 d5 4. e4 Bg7 5. Be2 Nc6 6. O-O O-O 7. e5 f6 8. d4 Bf5 9. c4 fxe5 10. cxd5 Nxd4 11. Nxd4 exd4 12. Bf3 Qd6 13. Na3 Bd7 14. Nc4 Qc5 15. Ne5 Bb5 16. Re1 Nf5 17. Nd3 Qc4 18. Ne5 Qc5 19. Nd3 Qd6 20. a4 Bc4 21. Re6 Qd8 22. Nb4 c6 23. b3 Bxd5 24. Nxd5 cxd5 25. Ba3 Qd7 26. Re1 Ne3 27. Qd2 Rxf4 28. Rac1 Raf8 29. Bc5 Rxf3 0-1

[Event "December 12 Late 2023"]
[Site "https://www.chess.com"]
[Date "2023.12.12"]
[Round "9"]
[White "Filgueira, Hernan"]
[Black "Postny, Evgeny"]
[Result "0-1"]
[Board "31"]
[TimeControl "180+1"]
[WhiteFideId "101770"]
[BlackFideId "2804344"]
[WhiteElo "2583"]
[BlackElo "2767"]
[WhiteTeam "ARG"]
[BlackTeam "ISR"]
[WhiteClock "0:00:14"]
[BlackClock "0:01:05"]

1. b3 e5 2. Bb2 d6 3. e3 g6 4. d4 Bg7 5. dxe5 Bxe5 6. Bxe5 dxe5 7. Qxd8+ Kxd8 8. Nd2 c6 9. Ngf3 f6 10. O-O-O Kc7 11. h3 Nd7 12. g4 Ne7 13. Nc4 b5 14. Nd6 Rf8 15. g5 f5 16. h4 e4 17. Nxc8 Rfxc8 18. Nd4 Nf8 19. h5 Kb6 20. hxg6 hxg6 21. c4 a6 22. Kb2 b4 23. Ne2 Rd8 24. Rxd8 Rxd8 25. Rh8 Ne6 26. Rh7 Rd7 27. Nf4 Nxf4 28. exf4 Rd2+ 29. Kc1 Rxf2 30. c5+ Kxc5 31. Bxa6 Nd5 0-1